 Dungeon Crawl Stone Soup version 0.29-a0-1047-g7c58e119a4 (webtiles) character file.

Game seed: 14954910784768258998

8014 voltaire321 the Nimble (level 11, -6/84 HPs)
             Began as a Merfolk Gladiator on Aug 16, 2022.
             Was a High Priest of Wu Jian.
             Killed by the air
             ... invoked by Gastronok
              (24 damage)
             ... on level 1 of the Lair of Beasts on Aug 17, 2022.
             The game lasted 00:39:35 (12560 turns).

voltaire321 the Nimble (Merfolk Gladiator)         Turns: 12560, Time: 00:39:35

Health: -6/84      AC: 16    Str: 14    XL:     11   Next: 24%
Magic:  17/17      EV: 18    Int: 10    God:    Wu Jian [*****.]
Gold:   1118       SH:  6    Dex: 24    Spells: 14/18 levels left

rFire   + + .      SeeInvis .   O - +9 lance "Wyrmbane" {slay drac, rPois rF+ rC+ AC+3}
rCold   + + .      Faith    .   v - +0 buckler
rNeg    . . .      Spirit   .   S - +0 acid dragon scales
rPois   +          Reflect  .   w - +2 helmet
rElec   .          Harm     .   f - scarf {repulsion}
rCorr   +          Rampage  .   q - +0 pair of gloves
Will    .....                   A - +1 pair of boots {rF+}
Stlth   ++........              (no amulet)
HPRegen 0.24/turn               o - +6 ring of dexterity
MPRegen 0.15/turn               x - ring of protection from cold

@: repel missiles
A: (nimble swimmer 2), mertail
a: Renounce Religion, Wall Jump, Serpent's Lash, Heavenly Storm


You were on level 1 of the Lair of Beasts.
You worshipped Wu Jian.
Wu Jian was extremely pleased with you.
You visited 3 branches of the dungeon, and saw 12 of its levels.

You collected 1449 gold pieces.
You spent 331 gold pieces at shops.

Inventory:

Hand Weapons
 a - a +0 long sword
 O - the +9 lance "Wyrmbane" (weapon) {slay drac, rPois rF+ rC+ AC+3}
   (You took it off Maggie on level 9 of the Dungeon)

   It inflicts extra damage against dragons and draconians.
   AC:        It affects your AC (+3).
   rF:        It protects you from fire.
   rC:        It protects you from cold.
   rPois:     It protects you from poison.
Missiles
 c - 27 poisoned darts (quivered)
 d - 3 throwing nets
 i - a curare-tipped dart
 M - a javelin
Armour
 f - a scarf of repulsion (worn)
 q - a +0 pair of gloves (worn)
 v - a +0 buckler (worn)
 w - a +2 helmet (worn)
 A - a +1 pair of boots of fire resistance (worn)
 N - +1 steam dragon scales
 S - +0 acid dragon scales (worn)
Jewellery
 o - a +6 ring of dexterity (left hand)
 p - a ring of resist corrosion
 x - a ring of protection from cold (right hand)
 y - a ring of see invisible
 z - a ring of wizardry
 C - a ring of fire
 R - a ring of poison resistance
Wands
 b - a wand of flame (9)
 t - a wand of iceblast (13)
 F - a wand of mindburst (16)
 H - a wand of charming (3)
 L - a wand of quicksilver (5)
Scrolls
 k - 4 scrolls of teleportation
 m - a scroll of amnesia
 r - a scroll of magic mapping
 s - a scroll of identify
 B - 2 scrolls of blinking
 D - 2 scrolls of immolation {unknown}
 E - a scroll of summoning {unknown}
 J - a scroll of poison
 Q - a scroll of vulnerability {unknown}
Potions
 g - 2 potions of flight
 h - 2 potions of brilliance
 j - 2 potions of might
 l - 2 potions of lignification
 n - 3 potions of resistance
 u - 2 potions of haste
 G - a potion of mutation
 I - a potion of magic {unknown}
 K - a potion of curing
 P - a potion of cancellation {unknown}


   Skills:
 - Level 7.1 Fighting
 - Level 8.5 Long Blades
 + Level 5.4 Polearms
 - Level 6.0 Throwing
 + Level 4.9 Armour
 - Level 9.2 Dodging
 - Level 4.0 Shields
 - Level 4.0 Spellcasting
 + Level 6.7 Poison Magic


You had 14 spell levels left.
You knew the following spells:

 Your Spells              Type           Power      Damage    Failure   Level
a - Olgreb's Toxic Radia  Pois           15%        N/A       28%         4

Your spell library contained the following spells:

 Spells                   Type           Power      Damage    Failure   Level
 Sting                    Tmut/Pois      32%        1d4       12%         1
 Poisonous Vapours        Pois/Air       16%        N/A       17%         2
 Spider Form              Tmut/Pois      8%         N/A       34%         3
 Beastly Appendage        Tmut           4%         N/A       41%         1
 Foxfire                  Conj/Fire      8%         2x1d4     41%         1
 Sandblast                Erth           4%         2d4       41%         1
 Passwall                 Tmut/Erth      1%         N/A       56%         2
 Sublimation of Blood     Necr           2%         N/A       56%         2
 Wereblood                Tmut           2%         N/A       56%         2
 Conjure Flame            Conj/Fire      2%         6-21      80%         3
 Gell's Gravitas          Tloc           2%         N/A       80%         3
 Inner Flame              Hex/Fire       2%         N/A       80%         3
 Lesser Beckoning         Tloc           2%         N/A       80%         3
 Stone Arrow              Conj/Erth      4%         3d7       80%         3
 Teleport Other           Tloc           2%         N/A       80%         3
 Cause Fear               Hex            1%         N/A       99%         4
 Flame Wave               Conj/Fire      2%         2d4       99%         4
 Petrify                  Tmut/Erth      2%         N/A       99%         4
 Irradiate                Conj/Tmut      1%         3d12      100%        5
 Dragon Form              Tmut           1%         N/A       100%        7
 Dragon's Call            Summ           1%         N/A       100%        9


Dungeon Overview and Level Annotations

Branches:
Dungeon (10/15)            Temple (1/1) D:5            Lair (1/5) D:9
    Orc: D:9-12

Altars:
Cheibriados
Dithmenos
Elyvilon
Gozag
Hepliaklqana
Kikubaaqudgha
Nemelex Xobeh
Okawaru
Qazlal
Ru
Trog
Uskayaw
Vehumet
Wu Jian
Xom
Yredelemnul
Zin

Shops:
D:5 (   D:6 *   D:7 *   D:8 !?(?[

Annotations:
D:2 Terence
D:7 1 runed translucent door, Tollund's ghost, novice DrCj
Temple 2 transporters
Lair:1 Gastronok


Innate Abilities, Weirdness & Mutations

((You are very nimble when in or above water. (Stealth+, EV+, Speed+++)))
Your lower body shifts to a powerful aquatic tail in water.


Message History

You block the cane toad's attack.
You hit the cane toad.
The cane toad is heavily wounded.
You block the cane toad's attack. Gastronok barely misses you.
You hit the cane toad but do no damage.
The cane toad is heavily wounded.
The cane toad closely misses you.
You hit the cane toad.
The cane toad is heavily wounded.
You block the cane toad's attack. Gastronok bites you!!
You hit the cane toad.
The cane toad is severely wounded.
The cane toad closely misses you. You block the cane toad's attack.
You hit the cane toad.
The cane toad is severely wounded.
Gastronok bites you!! The cane toad closely misses you.
You puncture the cane toad!
The cane toad is almost dead.
The cane toad closely misses you.
You puncture the cane toad!
You kill the cane toad!
The Council accepts your kill.
Gastronok's eyestalks quiver as he mumbles some strange words.
You hit Gastronok.
Gastronok is lightly wounded.
You hit Gastronok.
Gastronok is lightly wounded.
The river rat completely misses you.
You hit Gastronok.
Gastronok is lightly wounded.
You block the river rat's attack. Gastronok bites you!!
* * * LOW HITPOINT WARNING * * *
You puncture Gastronok!
Gastronok is moderately wounded.
The river rat barely misses you. The river rat attacks as you move away!
The river rat closely misses you.
Gastronok gurgles, "It's true, you are what you eat."
Gastronok waves his eye-stalks in wide circles.
The air twists around and strikes you!!
You die...

#....##
##...##
#....# ..
#...## ...
#...###(..
#....#....
#........#
#.........
#.@......#
#.r..##...
#.w.## #..
#...# ..
#...#
#####


You could see Gastronok and a river rat (summoned).

Vanquished Creatures
  A two-headed ogre (D:10)
  A cane toad (Lair:1)
  Maggie (D:9)
  A troll (D:9)
  A shadow (D:9)
  A wraith (D:10)
  11 yaks
  A wyvern (D:9)
  A steam dragon (D:8)
  2 acid dragons (D:10)
  2 water moccasins
  3 ice beasts
  2 black bears
  4 orc warriors
  4 centaurs
  An ogre (D:6)
  2 wolves (D:9)
  A phantom (D:8)
  2 kobold brigands
  4 bullfrogs
  4 scorpions
  2 necrophages (D:5)
  4 wights (D:8)
  4 killer bees (D:10)
  5 howler monkeys
  4 electric eels
  3 orc priests
  5 hounds
  2 jellies
  2 gnoll boudas (D:9)
  Crazy Yiuf (D:4)
  10 iguanas
  6 orc wizards
  10 gnolls
  9 adders
  2 shadow imps (D:4)
  6 white imps
  4 ufetubi
  3 worms
  A dart slug (D:2)
  25 orcs
  7 bats
  4 endoplasms
  12 goblins
  6 hobgoblins
  8 jackals
  4 quokkas
  3 training dummies (D:5)
  8 ball pythons
  2 frilled lizards
  33 kobolds
  7 rats
252 creatures vanquished.

Vanquished Creatures (others)
  An orc wizard (D:6)
  15 plants
  2 withered plants (D:7)
18 creatures vanquished.

Grand Total: 270 creatures vanquished

Notes
Turn   | Place    | Note
-------+----------+-------------------------------------------
     0 | D:1      | voltaire321 the Merfolk Gladiator began the quest for the
                  | Orb.
     0 | D:1      | Reached XP level 1. HP: 16/16 MP: 1/1
    93 | D:1      | Found a faded altar of an unknown god.
    99 | D:1      | Noticed a shining eye
   102 | D:1      | Noticed a floating eye
   102 | D:1      | Noticed an eye of devastation
   102 | D:1      | Noticed a great orb of eyes
   121 | D:1      | Reached XP level 2. HP: 17/23 MP: 2/2
   975 | D:2      | Reached XP level 3. HP: 23/28 MP: 3/3
  1220 | D:2      | Noticed Terence
  1242 | D:2      | Found a glowing silver altar of Zin.
  1582 | D:2      | Reached XP level 4. HP: 34/34 MP: 4/4
  2548 | D:3      | Found an ornate altar of the Wu Jian Council.
  2558 | D:3      | Became a worshipper of the Wu Jian Council
  2604 | D:3      | Found a shimmering altar of Xom.
  2769 | D:3      | Reached skill level 5 in Dodging
  2906 | D:4      | Reached XP level 5. HP: 38/41 MP: 5/5
  2997 | D:4      | Found a runed translucent door.
  2998 | D:4      | Noticed Crazy Yiuf
  3299 | D:4      | Reached skill level 5 in Long Blades
  3498 | D:4      | Reached XP level 6. HP: 38/48 MP: 6/6
  3502 | D:4      | Reached * piety under Wu Jian
  4291 | D:4      | Killed Crazy Yiuf
  4325 | D:5      | Entered Level 5 of the Dungeon
  4329 | D:5      | Identified a scroll of acquirement
  4329 | D:5      | Acquired 832 gold pieces
  4354 | D:5      | Found an ancient bone altar of Kikubaaqudgha.
  4412 | D:5      | Found a staircase to the Ecumenical Temple.
  4422 | Temple   | Entered the Ecumenical Temple
  4422 | Temple   | Found a transporter.
  4422 | Temple   | Found a transporter.
  4437 | D:5      | Noticed a water moccasin
  4454 | D:5      | Killed a water moccasin
  4455 | D:5      | Reached skill level 6 in Dodging
  4455 | D:5      | Reached XP level 7. HP: 26/55 MP: 7/7
  5047 | D:5      | Found a snail-covered altar of Cheibriados.
  5172 | D:5      | Found Jukobb's Firing Range.
  5307 | D:5      | Reached ** piety under Wu Jian
  5475 | D:5      | Found a radiant altar of Vehumet.
  5691 | D:6      | Reached skill level 5 in Fighting
  5691 | D:6      | Reached skill level 1 in Armour
  5691 | D:6      | Reached XP level 8. HP: 62/62 MP: 8/8
  5696 | D:6      | Learned a level 4 spell: Olgreb's Toxic Radiance
  5755 | D:6      | Found a basalt altar of Yredelemnul.
  5784 | D:6      | Reached skill level 7 in Dodging
  5817 | D:6      | HP: 2/62 [orc warrior/bolt (19)]
  5927 | D:6      | Found Puochadu's Fire Supplies.
  6193 | D:6      | Reached skill level 1 in Poison Magic
  6309 | D:6      | Reached skill level 1 in Spellcasting
  6501 | D:6      | Reached skill level 5 in Throwing
  6623 | D:6      | Bought a +1 pair of boots of fire resistance for 181 gold
                  | pieces
  7073 | D:6      | Reached skill level 1 in Shields
  7170 | D:7      | Reached XP level 9. HP: 61/69 MP: 10/12
  7737 | D:7      | Found Moenel's General Store.
  7740 | D:7      | Bought a scroll of blinking for 105 gold pieces
  7771 | D:7      | Found a runed translucent door.
  7772 | D:7      | Noticed Tollund's ghost (novice DrCj)
  8054 | D:7      | Reached *** piety under Wu Jian
  8210 | D:7      | Found a bloodstained altar of Trog.
  8296 | D:7      | Reached skill level 8 in Dodging
  8410 | D:7      | Found a hide-covered altar of Uskayaw.
  8414 | D:7      | Noticed a +0 dagger
  8415 | D:7      | Noticed a +0 hand axe
  9339 | D:8      | Found Bikhi's Magic Scroll Shoppe.
  9640 | D:8      | Found a hazy altar of Hepliaklqana.
  9644 | D:8      | Found Daibisoy's Armour Shoppe.
  9645 | D:8      | Found Onaem's Antique Weapon Emporium.
  9682 | D:8      | Found Keopn's Magic Scroll Shoppe.
  9748 | D:8      | Found a white marble altar of Elyvilon.
 10000 | D:8      | Found Qilayv's Distillery.
 10008 | D:8      | Bought a potion of curing for 45 gold pieces
 10070 | D:8      | Found a shadowy altar of Dithmenos.
 10080 | D:8      | Reached XP level 10. HP: 72/77 MP: 14/14
 10398 | D:9      | Reached **** piety under Wu Jian
 10461 | D:9      | Found an iron altar of Okawaru.
 10501 | D:9      | Found a sparkling altar of Nemelex Xobeh.
 10836 | D:9      | Found a staircase to the Lair.
 10981 | D:9      | Noticed Maggie
 10998 | D:9      | Killed Maggie
 11009 | D:9      | Reached skill level 9 in Dodging
 11445 | D:10     | Entered Level 10 of the Dungeon
 11530 | D:10     | Reached skill level 1 in Polearms
 11555 | D:10     | Noticed a two-headed ogre
 11570 | D:10     | Killed a two-headed ogre
 11571 | D:10     | Reached skill level 5 in Poison Magic
 11822 | D:10     | Reached XP level 11. HP: 58/84 MP: 17/17
 12243 | D:10     | Reached ***** piety under Wu Jian
 12376 | D:10     | Found an opulent altar of Gozag.
 12428 | D:10     | Reached skill level 5 in Polearms
 12498 | Lair:1   | Entered Level 1 of the Lair of Beasts
 12541 | Lair:1   | Noticed Gastronok
 12560 | Lair:1   | Killed from afar by Gastronok

Illustrated notes

Levels and vault maps discovered:
D:1:      wander_arrival_desolate, layout_basic,
          hellmonk_ecumenical_altar_watching_god
D:2:      layout_loops_ring, basic_altar,
          nicolae_concentric_dashed_squares_wild, minmay_shallow_snake_nest,
          uniq_terence
D:3:      layout_rooms, nicolae_wu_jian_immortal_techniques,
          mainiacjoe_overflow_cross_hatched
D:4:      kennysheep_kobold_camp, layout_basic, serial_demonic,
          serial_demonic_f, serial_demonic_a, serial_demonic_a,
          serial_demonic_b, kennysheep_generic_room_13, uniq_crazy_yiuf_cottage
D:5:      layout_basic, mainiacjoe_overflow_catwalk,
          mainiacjoe_overflow_alcove_1, kiku_gazebo_pond_becter,
          minmay_temple_entry_large_hall, corexii_shack, grunt_ministairs_7,
          nicolae_shop_firing_range
D:6:      minmay_general_purpose_star, layout_gridville,
          yredelemnul_altar_generic, nicolae_shop_fire_sale
          [nicolae_sub_dead_trees], serial_bayou_pond_d
D:7:      layout_gridville, mainiacjoe_overflow_small_starburst,
          dancing_weapons_uskayaw, gammafunk_ghost_grave, serial_shops,
          kennysheep_mini, lightli_minifort
D:8:      layout_rooms, elyvilon_altar_4, grunt_dithmenos_shadows,
          nicolae_hepliaklqana_hazy_memory, serial_shops,
          nicolae_shop_temple_entry_statues_fountains, shop, shop_statue, shop,
          nicolae_shop_waterfront, st_stairs_1
D:9:      layout_rooms, mainiacjoe_overflow_chevrons, okawaru_gym_becter,
          erik_lair_island, uniq_maggie
D:10:     layout_stronghold, old_standard_altar, lemuel_doored_altar
Temple:   hellmonk_temple_divided_pantheon
Lair:1:   layout_cellular_growth, uniq_gastronok

Skill      XL: |  1  2  3  4  5  6  7  8  9 10 11 |
---------------+----------------------------------+-----
Long Blades    | 4 5 6 7 8 |  8.5
Fighting       | 3 4 5 6 7 |  7.1
Throwing       | 3 4 5 6 |  6.0
Dodging        | 5 6 7 8 9 |  9.2
Armour         | 1 2 3 4 |  4.9
Poison Magic   | 2 3 5 6 |  6.7
Spellcasting   | 2 3 4 |  4.0
Shields        | 1 3 4 |  4.0
Polearms       | 3 5 |  5.4

Action                   |  1- 3 |  4- 6 |  7- 9 | 10-12 || total
-------------------------+-------+-------+-------+-------++-------
Melee: Long sword        |   107 |   209 |   467 |   152 ||   935
       Punch             |       |     1 |     1 |       ||     2
       Tailslap          |       |       |     1 |       ||     1
       Lance             |       |       |       |   171 ||   171
Throw: Javelin           |     1 |     1 |     1 |     2 ||     5
       Throwing net      |     1 |       |       |       ||     1
       Dart              |       |       |    25 |    36 ||    61
Invok: Lunge             |       |     8 |    21 |    10 ||    39
       Whirlwind         |       |       |   110 |   140 ||   250
  Use: Scroll            |       |     7 |    18 |       ||    25
       Potion            |       |       |       |     1 ||     1
 Stab: Sleeping          |       |     2 |     2 |     1 ||     5
Armor: Leather armour    |    40 |    60 |     3 |       ||   103
       Ring mail         |       |       |   103 |    64 ||   167
       Acid dragon scale |       |       |       |     5 ||     5
Dodge: Dodged            |   106 |   179 |   312 |   250 ||   847
       Repelled          |     2 |     2 |     1 |     3 ||     8
Block: Buckler           |       |       |    88 |    77 ||   165

Table legend: (Time is in decaauts)
 A = Elapsed time spent in this place.
 B = Non-inter-level travel time spent in this place.
 C = Inter-level travel time spent in this place.
 D = Time resting spent in this place.
 E = Time spent auto-exploring this place.
 F = Levels seen in this place.
 G = Mean time per level.
                   A        B        C        D        E       F      G
               +--------+--------+--------+--------+--------+-----+--------+
         Total |  12603 |  12211 |    392 |   2951 |   6220 |  12 | 1050.2 |
       Dungeon |  12541 |  12150 |    391 |   2951 |   6220 |  10 | 1254.1 |
        Temple |      1 |      1 |      0 |      0 |      0 |   1 |    1.0 |
          Lair |     60 |     60 |      0 |      0 |      0 |   1 |   60.0 |
               +--------+--------+--------+--------+--------+-----+--------+

Top non-repeatable levels by time:
     D:7: 1907 daAuts
     D:6: 1737 daAuts
     D:4: 1442 daAuts
     D:2: 1375 daAuts
     D:5: 1364 daAuts
     D:9: 1306 daAuts
    D:10: 1031 daAuts
     D:1: 960 daAuts
     D:8: 821 daAuts
     D:3: 595 daAuts
  Lair:1: 60 daAuts
  Temple: 1 daAuts
